 Dungeon Crawl Stone Soup version 0.30.1-3-gfc49f6343a (webtiles) character file.

Game seed: 5318463246755889908

57 Peloso the Trooper (level 3, 0/33 HPs)
             Began as a Minotaur Fighter on July 28, 2023.
             Killed by nerve-wracking pain
             ... invoked by an orc priest
              (14 damage)
             ... on level 3 of the Dungeon.
             The game lasted 00:03:11 (1915 turns).

Peloso the Trooper (Minotaur Fighter)               Turns: 1915, Time: 00:03:11

Health: 0/33       AC:  8    Str: 20    XL:     3   Next: 73%
Magic:  2/2        EV:  9    Int:  5    God:
Gold:   68         SH:  9    Dex: 11    Spells: 2/2 levels left

rFire   . . .        a - +0 long sword
rCold   . . .        d - +0 buckler
rNeg    . . .        b - +0 scale mail
rPois   .            (helmet restricted)
rElec   .            (no cloak)
rCorr   .            c - +0 pair of gloves
SInv    .            (no boots)
Will    .....        g - amulet of reflection Stlth
                     (no ring)
HPRegen 0.25/turn    (no ring)
MPRegen 0.08/turn

%: reflection
@: no status effects
A: horns 2, retaliatory headbutt
a: no special abilities


You were on level 3 of the Dungeon.
You visited 1 branch of the dungeon, and saw 3 of its levels.

You collected 126 gold pieces.
You spent 58 gold pieces at shops.

Inventory:

Hand Weapons
 a - a +0 long sword (weapon)
Armour
 b - a +0 scale mail (worn)
 c - a +0 pair of gloves (worn)
 d - a +0 buckler (worn)
Jewellery
 g - an amulet of reflection (around neck)
 k - an amulet of faith
Scrolls
 e - 3 scrolls of identify
 h - 2 scrolls of poison
 i - a scroll of fog
 m - 2 scrolls of teleportation {unknown}
 p - a scroll of torment {unknown}
Potions
 f - a potion of ambrosia
 j - 2 potions of might
 l - a potion of heal wounds {unknown}
 n - a potion of degeneration {unknown}
 o - a potion of curing


   Skills:
 + Level 4.1 Fighting
 + Level 3.4 Long Blades
 + Level 4.0 Armour
 + Level 0.9 Dodging
 + Level 4.1 Shields


You had 2 spell levels left.
You didn't know any spells.
Your spell library contained the following spells:

 Spells                   Type           Power      Damage    Failure   Level
 Vhi's Electric Charge    Tloc/Air       0%         N/A       99%         3
 Arcjolt                  Conj/Air       0%         1d10      100%        5
 Plasma Beam              Fire/Air       0%         2x1d11    100%        6


Dungeon Overview and Level Annotations

Branches:
Dungeon (3/15)

Altars:

Shops:
D:1 =   D:2 *


Innate Abilities, Weirdness & Mutations

You have a pair of horns on your head.
You reflexively headbutt those who attack you in melee.


Message History

The orc hits you but does no damage. The orc priest hits you with a +0 mace.
You closely miss the orc priest.
The orc priest is moderately wounded.
You block the orc's attack. You block the orc priest's attack.
Unknown command.
You barely miss the orc priest.
The orc priest is moderately wounded.
The orc priest barely misses you. The orc priest closely misses you.
Unknown command.
You hit the orc priest.
The orc priest is severely wounded.
The orc hits you with a +0 club. The orc priest misses you.
Unknown command.
You hit the orc priest.
The orc priest is almost dead.
The orc hits you but does no damage. The rat bites you.
* * * LOW HITPOINT WARNING * * *
The orc priest hits you with a +0 mace.
* * * LOW HITPOINT WARNING * * *
Unknown command.
You hit the orc priest but do no damage.
The orc priest is almost dead.
The orc hits you but does no damage. The orc closely misses you.
You furiously retaliate!
You headbutt the orc. You block the orc's attack. The rat closely misses you.
The orc priest hits you but does no damage.
Unknown command.
It was a potion of curing.
You feel better. You block the orc's attack. The orc hits you with a +0 whip.
The orc hits you but does no damage. You block the orc priest's attack.
The rat bites you but does no damage.
You closely miss the orc priest. Your headbutt misses the orc priest.
The orc priest is almost dead.
You block the orc's attack. The orc barely misses you. You furiously retaliate!
You headbutt the orc.
You kill the orc!
The orc hits you but does no damage. The rat closely misses you.
You furiously retaliate!
You headbutt the rat.
The orc priest calls down the wrath of Beogh upon you.
Pain shoots through your body!
You die...

#.>.........#
#...........#
#...........#
#...........#
#......<....#
#...........#
#...........#
#.........oo#######
#..........@)......
#..........or......
#..................
#####+#####........
#........ .........
......... ....<....


You could see an orc priest, 2 orcs and a rat.

Vanquished Creatures
  4 worms
  3 orcs (D:3)
  3 bats
  9 endoplasms
  2 giant cockroaches (D:1)
  4 hobgoblins
  4 quokkas
  2 ball pythons
  4 frilled lizards
  3 kobolds
  3 rats
41 creatures vanquished.

Notes
Turn   | Place    | Note
-------+----------+-------------------------------------------
     0 | D:1      | Peloso the Minotaur Fighter began the quest for the Orb.
     0 | D:1      | Reached XP level 1. HP: 19/19 MP: 0/0
   259 | D:1      | Reached XP level 2. HP: 26/27 MP: 1/1
   820 | D:1      | Found Cure's Jewellery Emporium.
   959 | D:2      | Reached XP level 3. HP: 33/33 MP: 2/2
  1201 | D:2      | Found Syets's Assorted Antiques.
  1209 | D:2      | Bought a scroll labelled XITUTAIW OMEGI for 20 gold pieces
  1209 | D:2      | Bought a scroll labelled XITUTAIW OMEGI for 20 gold pieces
  1209 | D:2      | Bought a grey potion for 18 gold pieces
  1542 | D:2      | You fall into a shaft and drop 1 floor!
  1694 | D:3      | Found a faded altar of an unknown god.
  1915 | D:3      | Killed from afar by an orc priest

Illustrated notes

Levels and vault maps discovered:
D:1:      lightli_arrival_windingriver, layout_loops_corners, serial_shops,
          nicolae_shop_back_alley_shop
D:2:      layout_loops_ring, serial_shops, shop
D:3:      layout_basic, basic_ecumenical_altar, chequers_decorated_corner

Skill      XL: |  1  2  3 |
---------------+----------+-----
Fighting       | 4 |  4.1
Shields        | 4 |  4.1
Long Blades    | 3 |  3.4
Armour         | 4 |  4.0
Dodging        | |  0.9

Action                     || total
---------------------------++-------
  Melee: Long sword        ||   111
         Headbutt          ||    14
    Use: Potion            ||     4
         Scroll            ||     2
 Armour: Scale mail        ||    40
  Dodge: Dodged            ||    39
  Block: Buckler           ||    54
         Reflection        ||     1
